 Dungeon Crawl Stone Soup version 0.29.1-15-g9cfb28693d (webtiles) character file.

Game seed: 8710242231769111505

1468 Thatpatchoflichen the Slasher (level 9, -1/69 HPs)
             Began as a Human Gladiator on Feb 28, 2023.
             Slain by an ice beast (12 damage)
             ... on level 5 of the Dungeon.
             The game lasted 00:13:32 (7153 turns).

Thatpatchoflichen the Slasher (Human Gladiator)     Turns: 7153, Time: 00:13:32

Health: -1/69      AC: 16    Str: 16    XL:     9   Next: 6%
Magic:  9/9        EV: 11    Int:  8    God:
Gold:   213        SH:  5    Dex: 18    Spells: 8/8 levels left

rFire   . . .      SeeInvis .   C - +1 long sword (vorpal)
rCold   . . .      Faith    .   m - orb {light}
rNeg    . . .      Spirit   .   L - +4 scale mail
rPois   .          Reflect  +   c - +0 helmet
rElec   .          Harm     .   M - +1 cloak
rCorr   .          Rampage  .   i - +0 pair of gloves
Will    .....                   (no boots)
Stlth   ..........              D - amulet of reflection
HPRegen 0.21/turn               (no ring)
MPRegen 0.11/turn               (no ring)

@: lethally poisoned (-1 -> -9), glowing
A: no striking features
a: no special abilities


You were on level 5 of the Dungeon.
You visited 1 branch of the dungeon, and saw 6 of its levels.

You collected 347 gold pieces.
You spent 134 gold pieces at shops.

Inventory:

Hand Weapons
 C - a +1 vorpal long sword (weapon)
Missiles
 d - 3 throwing nets (quivered)
 e - a javelin
 F - 2 boomerangs
 G - 6 poisoned darts
Armour
 c - a +0 helmet (worn)
 i - a +0 pair of gloves (worn)
 m - an orb of light (worn)
 A - a +2 robe of fire resistance
 L - a +4 scale mail (worn)
 M - a +1 cloak (worn)
Jewellery
 s - a ring of resist corrosion
 D - an amulet of reflection (around neck)
 I - an amulet of faith
Wands
 z - a wand of digging (6)
 J - a wand of roots (8)
Scrolls
 a - a scroll of summoning {unknown}
 f - 3 scrolls of immolation
 g - 3 scrolls of identify
 k - 2 scrolls of fog {unknown}
 o - 2 scrolls of torment {unknown}
 p - a scroll of brand weapon {unknown}
 q - a scroll of teleportation {unknown}
 t - a scroll of enchant weapon {unknown}
 u - a scroll of fear {unknown}
 y - 2 scrolls of vulnerability {unknown}
 E - 2 scrolls of silence {unknown}
Potions
 b - 3 potions of lignification {unknown}
 h - 2 potions of resistance {unknown}
 j - 4 potions of heal wounds {unknown}
 l - 2 potions of flight {unknown}
 n - a potion of curing {unknown}
 r - 2 potions of invisibility {unknown}
 v - a potion of mutation {unknown}
 w - a potion of haste {unknown}
 x - 3 potions of degeneration {unknown}
 B - a potion of cancellation {unknown}
 H - 2 potions of ambrosia {unknown}
 K - a potion of brilliance {unknown}


   Skills:
 + Level 6.1 Fighting
 + Level 6.1 Long Blades
 - Level 2.0 Throwing
 + Level 6.1 Armour
 + Level 4.2 Dodging


You had 8 spell levels left.
You didn't know any spells.
Your spell library contained the following spells:

 Spells                   Type           Power      Damage    Failure   Level
 Apportation              Tloc           0%         N/A       80%         1
 Anguish                  Hex/Necr       0%         N/A       100%        4
 Petrify                  Tmut/Erth      0%         N/A       100%        4
 Summon Lightning Spire   Summ/Air       0%         N/A       100%        4
 Alistair's Intoxication  Tmut/Pois      0%         N/A       100%        5
 Metabolic Englaciation   Hex/Ice        0%         N/A       100%        5
 Statue Form              Tmut/Erth      0%         N/A       100%        6
 Enfeeble                 Hex            0%         N/A       100%        7
 Storm Form               Tmut/Air       0%         N/A       100%        7
 Maxwell's Capacitive Co  Air            0%         ∞         100%        8


Dungeon Overview and Level Annotations

Branches:
Dungeon (6/15)
 Temple: D:4-7

Altars:
Ashenzari
Fedhas
Gozag
Kikubaaqudgha
Nemelex Xobeh
Qazlal
Trog
Uskayaw
Zin

Shops:
D:3 (   D:4 *


Message History

There is a stone staircase leading down here.
There is a stone staircase leading up, spattered with blood here.
An ice beast comes into view.
The gnoll sergeant throws a stone.
The stone closely misses you.
The gnoll sergeant throws a stone.
The stone hits you but does no damage.
The gnoll sergeant throws a stone.
You reflect the stone off an invisible shield around you!
The stone hits the gnoll sergeant!
There is a stone staircase leading up, spattered with blood here.
The gnoll sergeant hits you from afar with a +3 spear of venom.
You are poisoned.
You feel very sick.
The gnoll sergeant hits you but does no damage.
You are more poisoned.
There is a stone staircase leading up, spattered with blood here.
You feel very sick. You block the gnoll sergeant's attack.
You feel very sick.
You feel sick.
The ice beast hits you but does no damage.
You block the gnoll sergeant's attack.
There is a stone staircase leading up, spattered with blood here.
You feel sick. The ice beast hits you. The ice beast freezes you!
The gnoll sergeant hits you with a +3 spear of venom.
You are more poisoned.
You climb upwards.
You feel very sick.
There is a stone staircase leading down, spattered with blood here.
You feel very sick.
The gnoll sergeant hits you from afar with a +3 spear of venom.
You are more poisoned.
You see here a +0 flail.
You feel very sick.
You feel very sick.
You feel sick.
The gnoll sergeant throws a stone.
The stone hits you.
* * * LOW HITPOINT WARNING * * *
The ice beast attacks as you move away! The ice beast hits you.
* * * LOW HITPOINT WARNING * * *
The ice beast freezes you!
You die...

........#####...## ##.##.......
.##.....# ###..# ##...........
#####..## #..# #...##....... #
##.## #..################ #..#
##..#...#...#.#...#. #..##
##....#..#..#...#..#.
##..####......#.#.#.....#.#.
##.....#........###.......### ##
##.......)..Y@................
.###...####.>g....(......###.....
.....#####.†....####....#.#.#....
.....####.......# ##..#..#..#...
......##........# #.#...#...#.#
..##......#.....# #############
.####....##.....# ####....# # .#
###..##.....######.......#### .#
#.##.......##..............


You could see an ice beast and a gnoll sergeant.

Vanquished Creatures
  Prince Ribbit (D:5)
  Sigmund (D:3)
  Menkaure (D:4)
  An orc warrior (D:4)
  2 ogres (D:5)
  A centaur (D:5)
  A phantom (D:6)
  The ghost of nroviw the Conjurer, an amateur DECj (D:3)
  A necrophage (D:5)
  2 howler monkeys
  3 jellies
  A hound (D:4)
  2 orc wizards
  5 adders
  6 gnolls
  An ufetubus (D:6)
  A dart slug (D:3)
  18 orcs
  9 endoplasms
  8 giant cockroaches
  2 goblins (D:1)
  4 hobgoblins
  5 jackals
  10 quokkas
  2 ball pythons
  7 bats
  3 frilled lizards
  7 kobolds
  5 rats
111 creatures vanquished.

Vanquished Creatures (others)
  A plant (D:3)
1 creature vanquished.

Grand Total: 112 creatures vanquished

Notes
Turn   | Place    | Note
-------+----------+-------------------------------------------
     0 | D:1      | Thatpatchoflichen the Human Gladiator began the quest for
                  | the Orb.
     0 | D:1      | Reached XP level 1. HP: 16/16 MP: 1/1
   132 | D:1      | Reached XP level 2. HP: 22/22 MP: 2/2
   429 | D:1      | Found a faded altar of an unknown god.
   750 | D:1      | Reached XP level 3. HP: 14/28 MP: 3/3
  2024 | D:3      | Reached XP level 4. HP: 34/34 MP: 4/4
  2281 | D:3      | Found a broken altar of Ashenzari.
  2373 | D:3      | Noticed Sigmund
  2394 | D:3      | Killed Sigmund
  2395 | D:3      | Reached XP level 5. HP: 17/42 MP: 5/5
  2395 | D:3      | Reached XP level 6. HP: 20/48 MP: 6/6
  2597 | D:3      | Found Nofacolole's Weapon Boutique.
  2607 | D:3      | Bought a +1 vorpal long sword for 134 gold pieces
  2613 | D:3      | Found a glowing silver altar of Zin.
  2613 | D:3      | Found a blossoming altar of Fedhas.
  2613 | D:3      | Found an opulent altar of Gozag.
  2709 | D:3      | Found a runed translucent gate.
  2710 | D:3      | Found a runed translucent gate.
  2710 | D:3      | Noticed nroviw's ghost (amateur DECj)
  2711 | D:3      | Found a runed translucent gate.
  3210 | D:4      | Found a stormy altar of Qazlal.
  3240 | D:4      | Found Kofrun's Fire Supplies.
  3363 | D:4      | Found a hide-covered altar of Uskayaw.
  3720 | D:4      | Found a bloodstained altar of Trog.
  3720 | D:4      | Noticed Menkaure
  3727 | D:4      | Killed Menkaure
  3728 | D:4      | Reached XP level 7. HP: 21/55 MP: 7/7
  4073 | D:4      | Noticed a water elemental
  4074 | D:4      | Noticed a fire elemental
  4074 | D:4      | Noticed an air elemental
  4227 | D:5      | Entered Level 5 of the Dungeon
  4354 | D:5      | Reached skill level 5 in Fighting
  4432 | D:5      | Found an ancient bone altar of Kikubaaqudgha.
  4567 | D:5      | Reached XP level 8. HP: 62/62 MP: 8/8
  5178 | D:5      | Found a sparkling altar of Nemelex Xobeh.
  5828 | D:3      | Killed nroviw's ghost
  5829 | D:3      | Reached skill level 5 in Long Blades
  5829 | D:3      | Reached skill level 5 in Armour
  6580 | D:6      | Noticed Prince Ribbit
  6939 | D:5      | Killed Prince Ribbit
  6940 | D:5      | Reached XP level 9. HP: 58/69 MP: 9/9
  7153 | D:5      | Slain by an ice beast

Illustrated notes

Levels and vault maps discovered:
D:1:      wander_arrival_lonely_grave, layout_rooms,
          hellmonk_ecumenical_altar_arch_garden, minmay_cut_off
D:2:      layout_loops_ring
D:3:      layout_basic, mainiacjoe_overflow_boulevard,
          gammafunk_temple_overflow_forgotten, serial_shops,
          nicolae_shop_crystal, biasface_ghost_orc_armoury, uniq_sigmund
D:4:      layout_basic, lemuel_doored_altar, nicolae_qazlal_style_of_elements,
          nicolae_uskayaw_murder_on_the_dancefloor, gup_sewer_entry_pipe,
          serial_co_window_serial, co_window_paths_a, co_window_paths_a,
          co_window_corner_a, co_window_corner_a, co_window_corner_a,
          co_window_corner_cb, co_window_unsneaky_path_b, co_window_paths_c,
          glass_columns_a, glass_columns_c, glass_columns_a, glass_columns_a,
          nicolae_shop_fire_sale [nicolae_sub_dead_trees], solitary_fountain,
          hangedman_abyss_or_decor_stabs, uniq_menkaure
D:5:      layout_layer_cave, nemelex_dance_club_becter, marbit_many_paths,
          hangedman_decor_diamond_cutter
D:6:      layout_rooms, minmay_temple_entry_slanted, roderic_serpentine_path,
          eino_tiny_chamber, uniq_prince_ribbit1

Skill      XL: |  1  2  3  4  5  6  7  8 |
---------------+-------------------------+-----
Fighting       | 4 5 6 |  6.1
Long Blades    | 4 6 |  6.1
Armour         | 2 4 6 |  6.1
Dodging        | 4 |  4.2
Throwing       | |  2.0

Action                   |  1- 3 |  4- 6 |  7- 9 || total
-------------------------+-------+-------+-------++-------
Melee: Long sword        |    79 |    73 |   150 ||   302
  Use: Scroll            |       |       |     1 ||     1
Armor: Leather armour    |    45 |       |       ||    45
       Ring mail         |       |    29 |    29 ||    58
       Scale mail        |       |       |    77 ||    77
Dodge: Dodged            |   118 |    55 |    97 ||   270
Block: Orb               |       |     3 |    48 ||    51
       Reflection        |       |       |     2 ||     2
